 Dungeon Crawl Stone Soup version 0.18.1-8-gdd0e5ea (webtiles) character file.

84 Liquid the Skirmisher (level 4, 0/33 HPs)
             Began as a Formicid Abyssal Knight on May 31, 2016.
             Was a Follower of Lugonu.
             Succumbed to an adder's poison
             ... on level 2 of the Dungeon.
             The game lasted 00:04:12 (1900 turns).

Liquid the Skirmisher (Formicid Abyssal Knight)     Turns: 1900, Time: 00:04:13

Health: 0/33       AC:  3    Str: 16    XL:     4   Next: 72%
Magic:  6/6        EV: 16    Int: 12    God:    Lugonu [*.....]
Gold:   110        SH:  4    Dex: 18    Spells: 0 memorised, 3 levels left

rFire  . . .     SeeInvis +     a - +1 spear
rCold  . . .     Gourm    .     b - +0 leather armour
rNeg   . . .     Faith    .     g - +0 buckler
rPois  .         Spirit   .     (helmet unavailable)
rElec  .         Dismiss  .     (no cloak)
rCorr  .         Reflect  .     (no gloves)
SustAt .         Harm     .     (no boots)
MR     .....                    (no amulet)
Stlth  ++........               (no ring)
                                (no ring)

@: agile, lethally poisoned (0 -> -17), not resistant to hostile enchantments,
unstealthy
A: permanent stasis, dig shafts and tunnels, four strong arms, antennae 3, agile
1, frail 1, MP-powered wands
a: Dig, Shaft Self, Depart the Abyss, Renounce Religion


You were on level 2 of the Dungeon.
You worshipped Lugonu.
Lugonu was aware of your devotion.
You were not hungry.

You visited 1 branch of the dungeon, and saw 2 of its levels.
You visited the Abyss 1 time.

You collected 110 gold pieces.

Inventory:

Hand Weapons
 a - a +1 spear (weapon)
Armour
 b - a +0 leather armour (worn)
 g - a +0 buckler (worn)
Scrolls
 d - a scroll of noise {unknown}
 f - a scroll of recharging {unknown}
 j - a scroll of identify {unknown}
 k - a scroll of teleportation {unknown}
 m - 3 scrolls of immolation {unknown}
 o - a scroll of remove curse {unknown}
Miscellaneous
 e - a plain deck of defence {drawn: 1}
Comestibles
 c - a bread ration
 l - a beef jerky
 n - 5 chunks of flesh


   Skills:
 + Level 3.9 Fighting
 * Level 3.3 Polearms
 - Level 2.2 Armour
 - Level 0.8 Dodging
 + Level 1.2 Shields
 + Level 3.1 Invocations


You had 3 spell levels left.
You didn't know any spells.

Dungeon Overview and Level Annotations

Branches:
Dungeon (2/15)

Altars:


Innate Abilities, Weirdness & Mutations

You are under a permanent stasis effect.
You can dig through walls and to a lower floor.
Your four strong arms can wield two-handed weapons with a shield.
You have a pair of large antennae on your head (SInv).
You are agile. (Dex +2)
You are frail (-10% HP).
You expend magic power (3 MP) to strengthen your wands.


Message History

The adder poisons you!
Eat which item? (? for menu, Esc to quit)
Okay, then.
Drink which item? (? for menu, Esc to quit)
It was a potion of mutation.
You feel extremely strange.
You feel agile.
You feel your magical essence link to your wands.
You feel frail.
* * * LOW HITPOINT WARNING * * *
You feel sick. The adder bites you.
* * * LOW HITPOINT WARNING * * *
Drink which item? (? for menu, Esc to quit)
It was a potion of agility.
You feel agile all of a sudden.
* * * LOW HITPOINT WARNING * * *
You feel sick. The adder closely misses you. x2
You hit the adder.
You kill the adder!
Lugonu accepts your kill.
You die...

############
....>......# ########
##########.#####.......
######..........# ##
#........####.#.#
.###........# #@#
...#........# #)#
...###.....## #.#
...###.....### #.#
.#............ ...
.#............ ...
.####.#####... #.#
.............. ..#
.####.#####.##


There were no monsters in sight!

Vanquished Creatures
  A gnoll (D:1)
  4 adders
  A giant gecko (D:1)
  2 ball pythons (D:2)
  2 bats
  4 giant cockroaches (D:1)
  4 goblins
  3 hobgoblins (D:1)
  5 jackals (D:1)
  2 giant newts (D:1)
  3 kobolds (D:1)
  5 rats
36 creatures vanquished.

Notes
Turn   | Place    | Note
--------------------------------------------------------------
     0 | Abyss:1  | Liquid the Formicid Abyssal Knight began the quest for the Orb.
     0 | Abyss:1  | Reached XP level 1. HP: 18/18 MP: 2/2
    18 | Abyss:2  | Found a corrupted altar of Lugonu.
    35 | Abyss:2  | Noticed a shadow
    40 | D:1      | Escaped the Abyss
   476 | D:1      | Reached XP level 2. HP: 19/24 MP: 3/3
   732 | D:1      | Reached XP level 3. HP: 26/29 MP: 4/4
   788 | D:1      | Reached * piety under Lugonu
  1591 | D:1      | Reached skill level 1 in Shields
  1591 | D:1      | Reached XP level 4. HP: 36/37 MP: 6/6
  1898 | D:2      | Gained mutation: You are agile. (Dex +2) [potion of mutation]
  1898 | D:2      | Gained mutation: You expend magic power (3 MP) to strengthen your wands. [potion of mutation]
  1898 | D:2      | Gained mutation: You are frail (-10% HP). [potion of mutation]
  1899 | D:2      | HP: 1/33 [poisoned by an adder]
  1900 | D:2      | Succumbed to an adder's poison

Skill      XL: |  1  2  3  4 |
---------------+-------------+-----
Polearms       | 3 |  3.3
Shields        | 1 |  1.2
Invocations    | 3 |  3.1
Fighting       | |  3.9
Armour         | |  2.2
Dodging        | |  0.8

Action                   |  1- 3 |  4- 6 || total
-------------------------+-------+-------++-------
Melee: Spear             |   110 |    57 ||   167
Invok: Depart the Abyss  |     1 |       ||     1
Evoke: Deck              |     1 |       ||     1
  Use: Potion            |       |     2 ||     2
  Eat: Chunk             |     1 |     2 ||     3
Armor: Leather armour    |    20 |    10 ||    30
Dodge: Dodged            |    43 |    26 ||    69
Block: Buckler           |     5 |    10 ||    15
